Map: Abyssal Reef LE

Players

Zest - Winner!

  • Race: Protoss Protoss
  • League: Master
  • Spawn Location: 5:00

Stats

  • Race: Protoss Protoss
  • League: Master
  • Spawn Location: 11:00

Event: HomeStory Cup XVI

VOD

Have the link to the VOD?

Description

Time

  • Played on: Nov. 12, 2017, 2:38 p.m.
  • Length: 11:46

All games in this series

Show
View Real Time Build Order
Export as new Build Order

Zest Protoss - Winner!

Build Orders: Zealot Archon 

Get SALT Encoding   

  12  0:02  Probe (Chrono Boost)  
  14  0:14  Probe (Chrono Boost)  
  14  0:17  Pylon  
  14  0:25  Probe (Chrono Boost)  
  15  0:31  Probe (Chrono Boost)  
  16  0:38  Gateway  
  16  0:40  Probe (Chrono Boost)  
  17  0:48  Assimilator  
  17  0:53  Probe (Chrono Boost)  
  17  0:55  Assimilator  
  18  0:59  Probe (Chrono Boost)  
  19  1:07  Probe (Chrono Boost)  
  20  1:13  Gateway  
  21  1:19  Probe (Chrono Boost)  
  21  1:26  Cybernetics Core  
  21  1:31  Probe (Chrono Boost)  
  22  1:34  Pylon  
  22  1:43  Probe (Chrono Boost)  
  23  1:54  Warp Gate  
  24  1:55  Probe (Chrono Boost)  
  24  2:03  Stalker, Sentry  
  28  2:13  Pylon  
  28  2:30  Nexus  
  28  2:36  Stalker  
  30  2:39  Sentry  
  32  2:53  Robotics Facility  
  32  2:57  Probe (Chrono Boost)  
  33  3:10  Probe (Chrono Boost)  
  34  3:22  Probe (Chrono Boost), Pylon  
  35  3:29  Shield Battery  
  35  3:34  Probe (Chrono Boost)  
  36  3:39  Shield Battery  
  36  3:42  Probe (Chrono Boost)  
  36  3:44  Probe (Chrono Boost)  
  38  3:48  Probe (Chrono Boost)  
  38  3:50  Probe (Chrono Boost)  
  38  3:53  Shield Battery  
  40  3:56  Stalker x2  
  40  3:59  Probe (Chrono Boost)  
  40  4:00  Probe (Chrono Boost)  
  46  4:05  Shield Battery  
  47  4:11  Probe (Chrono Boost)  
  47  4:12  Probe (Chrono Boost)  
  48  4:23  Stalker x2, Probe (Chrono Boost)  
  54  4:24  Probe (Chrono Boost)  
  54  4:31  Forge  
  54  4:32  Shield Battery, Probe (Chrono Boost)  
  54  4:33  Protoss Ground Weapons Level 1  
  54  4:36  Probe (Chrono Boost), Pylon  
  56  4:38  Probe (Chrono Boost)  
  57  4:48  Observer, Probe (Chrono Boost)  
  57  4:49  Probe (Chrono Boost), Pylon  
  60  4:54  Pylon  
  60  4:55  Assimilator  
  62  5:00  Probe (Chrono Boost)  
  62  5:01  Probe (Chrono Boost)  
  62  5:03  Assimilator  
  62  5:08  Twilight Council  
  62  5:13  Probe x2 (Chrono Boost)  
  64  5:15  Stalker  
  64  5:20  Shield Battery  
  66  5:31  Gateway  
  66  5:32  Gateway  
  66  5:38  Gateway  
  66  5:39  Gateway  
  66  5:45  Charge, Templar Archives  
  66  5:48  Gateway  
  66  5:50  Protoss Ground Weapons Level 2  
  66  5:55  Gateway  
  66  5:59  Immortal  
  70  6:31  Nexus  
  70  6:33  Pylon  
  70  6:36  Pylon  
  70  6:37  Probe x2 (Chrono Boost)  
  72  6:41  Observer  
  72  6:47  Photon Cannon  
  72  6:48  High Templar  
  72  6:49  High Templar x3  
  72  6:54  Photon Cannon  
  80  6:56  Archon x2  
  80  6:58  Immortal  
  80  7:01  Probe x2 (Chrono Boost)  
  88  7:17  Probe x2 (Chrono Boost)  
  88  7:21  High Templar x2  
  92  7:23  Protoss Ground Weapons Level 3  
  92  7:25  Assimilator, Archon  
  92  7:29  Probe x2 (Chrono Boost)  
  94  7:31  Assimilator  
  94  7:32  Pylon  
  94  7:38  Photon Cannon  
  94  7:40  Pylon  
  94  7:41  Probe x2 (Chrono Boost)  
  96  7:47  Probe (Chrono Boost)  
  97  7:53  Probe x2 (Chrono Boost)  
  100  7:59  Probe (Chrono Boost)  
  100  8:00  Gateway x2  
  100  8:01  Shield Battery  
  100  8:02  High Templar x2, Zealot x2, Shield Battery  
  100  8:03  Zealot x3  
  116  8:05  Probe x2 (Chrono Boost)  
  116  8:07  Archon  
  116  8:08  Observer  
  116  8:19  Pylon  
  116  8:23  Shield Battery  
  116  8:24  Shield Battery  
  116  8:27  High Templar x2, Zealot x3  
  126  8:34  Pylon  
  126  8:38  Archon  
  126  8:49  Warp Prism  
  126  8:51  High Templar x2, Zealot x4  
  138  9:00  Archon  
  138  9:01  High Templar x2  
  138  9:02  Zealot x2  
  148  9:06  Nexus, Archon  
  148  9:11  Pylon  
  148  9:12  Pylon  
  148  9:14  Pylon  
  148  9:30  Gateway x2  
  148  9:31  Zealot  
  148  9:32  Zealot x3  
  148  9:34  Stalker  
  148  9:35  High Templar x2  
  162  9:40  Archon  
  162  9:45  High Templar x2, Zealot  
  166  9:46  Protoss Ground Armor Level 1  
  166  9:51  Archon  
  168  9:55  Zealot x2  
  168  9:58  Pylon  
  172  10:00  Observer, Pylon  
  162  10:13  High Templar x2  
  166  10:17  Zealot x2  
  166  10:20  Zealot x6  
  182  10:33  Archon  
  182  10:43  Stargate  
  176  10:50  Zealot x9  
  176  10:51  Zealot x3  
  170  11:11  Observer  
  147  11:12  Zealot x9  
  144  11:29  Zealot x2  
  149  11:36  Zealot  
  149  11:37  Zealot x2  
  145  11:41  High Templar x2  
  145  11:42  High Templar x2  
  145  11:43  High Templar x2  
Show
View Real Time Build Order
Export as new Build Order

Stats Protoss 

Build Orders: Oracle Opening, Archon Immortal, Zealot Archon 

Get SALT Encoding   

  12  0:02  Probe (Chrono Boost)  
  14  0:14  Probe (Chrono Boost)  
  14  0:18  Pylon  
  14  0:26  Probe (Chrono Boost)  
  15  0:32  Probe (Chrono Boost)  
  15  0:40  Gateway, Probe (Chrono Boost)  
  16  0:46  Assimilator  
  17  0:53  Probe (Chrono Boost)  
  17  0:54  Assimilator  
  18  0:59  Probe (Chrono Boost)  
  19  1:07  Probe (Chrono Boost)  
  20  1:12  Gateway  
  21  1:19  Probe (Chrono Boost)  
  21  1:27  Cybernetics Core  
  21  1:31  Probe (Chrono Boost)  
  22  1:35  Pylon  
  22  1:43  Probe (Chrono Boost)  
  24  1:55  Probe (Chrono Boost)  
  24  2:04  Stalker x2, Warp Gate  
  28  2:15  Pylon  
  28  2:34  Adept  
  28  2:35  Adept  
  32  2:46  Nexus  
  32  2:56  Stargate  
  32  3:01  Probe (Chrono Boost)  
  34  3:13  Probe (Chrono Boost)  
  34  3:20  Probe (Chrono Boost)  
  35  3:27  Probe (Chrono Boost)  
  35  3:33  Pylon  
  36  3:39  Probe (Chrono Boost)  
  37  3:50  Oracle  
  37  3:51  Probe (Chrono Boost)  
  41  3:59  Probe (Chrono Boost)  
  42  4:03  Probe (Chrono Boost)  
  42  4:07  Probe (Chrono Boost)  
  43  4:14  Probe (Chrono Boost)  
  43  4:15  Pylon  
  43  4:16  Robotics Facility  
  45  4:19  Probe (Chrono Boost)  
  45  4:20  Probe (Chrono Boost)  
  45  4:24  Sentry x2  
  48  4:30  Probe (Chrono Boost)  
  53  4:31  Probe (Chrono Boost)  
  53  4:37  Assimilator  
  53  4:38  Protoss Ground Weapons Level 1  
  53  4:40  Assimilator, Forge  
  53  4:42  Probe (Chrono Boost)  
  53  4:43  Probe (Chrono Boost), Pylon  
  55  4:47  Sentry  
  58  4:54  Probe (Chrono Boost)  
  58  4:55  Probe (Chrono Boost)  
  59  5:04  Observer  
  59  5:06  Probe (Chrono Boost)  
  62  5:07  Probe (Chrono Boost), Twilight Council  
  64  5:23  Probe (Chrono Boost)  
  64  5:25  Immortal  
  67  5:28  Gateway  
  67  5:29  Gateway  
  67  5:34  Gateway  
  67  5:37  Gateway  
  67  5:47  Charge  
  67  5:50  Templar Archives  
  67  5:51  Nexus  
  67  6:05  Immortal  
  67  6:10  Protoss Ground Weapons Level 2  
  71  6:13  Pylon  
  71  6:24  Zealot x2  
  71  6:25  Zealot  
  77  6:32  Zealot x3  
  83  6:34  Pylon  
  83  6:35  Pylon  
  83  6:46  Phoenix  
  85  6:53  High Templar x2, Zealot x2  
  93  6:54  Zealot x2  
  93  6:59  Pylon  
  93  7:00  Probe x2 (Chrono Boost)  
  99  7:04  Shield Battery  
  99  7:05  Archon  
  99  7:10  Probe (Chrono Boost)  
  99  7:11  Immortal  
  104  7:21  High Templar x2, Probe x2 (Chrono Boost)  
  111  7:23  Probe (Chrono Boost)  
  111  7:32  Archon  
  111  7:33  Zealot x4  
  122  7:37  Probe x3 (Chrono Boost)  
  122  7:39  Pylon  
  122  7:40  Warp Prism, Pylon  
  122  7:44  Shield Battery  
  122  7:45  Shield Battery  
  124  7:56  Protoss Ground Weapons Level 3  
  124  7:58  High Templar x2  
  128  8:00  Zealot x3  
  128  8:02  Zealot, Archon  
  136  8:10  Assimilator  
  136  8:12  Assimilator, Pylon  
  136  8:14  Pylon  
  136  8:22  Zealot x2  
  140  8:36  Probe x3 (Chrono Boost)  
  143  8:44  High Templar x2  
  143  8:45  Zealot x4  
  157  8:48  Probe x2 (Chrono Boost)  
  157  8:50  Archon  
  157  8:52  Pylon  
  157  8:54  Pylon  
  157  8:55  Probe (Chrono Boost)  
  150  9:11  High Templar x2, Zealot x2  
  150  9:16  Gateway  
  158  9:17  Zealot, Gateway  
  158  9:18  Zealot, Archon  
  158  9:22  Immortal  
  162  9:29  Nexus  
  162  9:30  Pylon  
  166  9:49  Pylon  
  166  9:50  Pylon  
  166  9:55  Robotics Bay  
  166  9:57  High Templar x3, Robotics Facility  
  166  10:00  High Templar x2  
  166  10:04  Zealot x4, Archon  
  170  10:13  Immortal  
  175  10:22  Shield Battery  
  175  10:23  Probe x3 (Chrono Boost)  
  175  10:24  Shield Battery  
  175  10:26  Shield Battery  
  175  10:28  Pylon  
  175  10:35  High Templar x2, Probe x3 (Chrono Boost)  
  177  10:36  Zealot x4  
  177  10:39  Archon  
  187  10:43  Disruptor  
  187  10:45  Disruptor  
  179  10:52  Zealot x2  
  187  11:01  Zealot x3  
  187  11:02  Zealot  
  165  11:07  Zealot  
  165  11:08  Zealot  
  111  11:23  High Templar x2  
  111  11:24  High Templar x2  
  111  11:25  Zealot x2  
  105  11:27  Archon  
  105  11:28  Archon  
  107  11:35  Zealot x2  
Tags
 
Add a new tag
Caveats
  • Supply blocks, unpowered buildings, or Contaminate may cause inaccurate times.
  • Supply counts are checked every 10 seconds.